 Dungeon Crawl Stone Soup version 0.20-a0-876-g2c7b0bf (webtiles) character file.

55168 JeffiDaFish the Destroyer (level 14, -12/86 HPs)
             Began as a Gargoyle Earth Elementalist on Mar 15, 2017.
             Was the Champion of Vehumet.
             Mangled by Rupert
             ... wielding a +4 great sword of holy wrath
              (21 damage)
             ... on level 13 of the Dungeon.
             The game lasted 01:22:36 (20643 turns).

JeffiDaFish the Destroyer (GrEE)                   Turns: 20643, Time: 01:22:37

Health: -12/86     AC: 26    Str: 16    XL:     14   Next: 76%
Magic:  29/30      EV: 15    Int: 17    God:    Vehumet [******]
Gold:   1281       SH:  7    Dex: 13    Spells: 11/37 levels left

rFire    . . .     SeeInvis +   y - +6 spear of Ruination {freeze, Str+3}
rCold    + + .     Gourm    .   H - +4 troll leather armour
rNeg     + + .     Faith    +   v - +2 buckler
rPois    ∞         Spirit   .   o - +0 helmet
rElec    +         Reflect  .   u - +0 cloak
rCorr    .         Harm     .   (no gloves)
MR       ++...                  z - +2 pair of boots
Stlth    ++........             I - amulet of faith
Regen    0.7/turn               p - ring of see invisible
MPRegen  0.3/turn               r - ring of Altruism {rPois rC+ rN+ MR+}

@: about to teleport, flying
A: big wings, slimy green scales 1, cold resistance 1, negative energy
resistance 1, electricity resistance, unbreathing, petrification resistance, rot
immunity, AC +9
a: Stop Flying, Renounce Religion


You were on level 13 of the Dungeon.
You worshipped Vehumet.
Vehumet was exalted by your worship.
You were not hungry.

You visited 3 branches of the dungeon, and saw 20 of its levels.

You collected 1433 gold pieces.
You spent 152 gold pieces at shops.

Inventory:

Hand Weapons
 y - the +6 spear of Ruination (weapon) {freeze, Str+3}
   (You bought it in a shop on level 4 of the Dungeon)

   It has been specially enchanted to freeze those struck by it, causing extra
   injury to most foes and up to half again as much damage against particularly
   susceptible opponents.
   It can also slow down cold-blooded creatures.
   It affects your strength (+3).
Missiles
 b - 260 stones (quivered)
Armour
 o - a +0 helmet (worn)
 u - a +0 cloak (worn)
 v - a +2 buckler (worn)
 z - a +2 pair of boots (worn)
 H - a +4 troll leather armour (worn)
 M - +0 acid dragon scales
Magical Staves
 x - an uncursed staff of power
Jewellery
 p - a ring of see invisible (right hand)
 r - the ring of Altruism (left hand) {rPois rC+ rN+ MR+}
   (You found it on level 4 of the Dungeon)

   [ring of protection from magic]

   It protects you from cold.
   It protects you from poison.
   It protects you from negative energy.
   It affects your resistance to hostile enchantments.
 I - an amulet of faith (around neck)
Scrolls
 a - 10 scrolls of remove curse
 f - 6 scrolls of identify
 h - a scroll of blinking
 j - 4 scrolls of teleportation
 l - 2 scrolls of fear
 s - 5 scrolls of magic mapping
 w - 2 scrolls of fog
 D - 3 scrolls of enchant weapon
 F - 4 scrolls of amnesia
Potions
 c - 3 potions of haste
 q - a potion of heal wounds
 t - 3 potions of agility
 A - 2 potions of ambrosia
 B - 4 potions of flight
 E - a potion of berserk rage
 G - a potion of resistance
 K - a potion of brilliance
 L - a potion of might
Books
 e - a book of Geomancy

   Spells                             Type                      Level
   a - Sandblast                      Earth                        1
   b - Passwall                       Transmutation/Earth          2
   c - Stone Arrow                    Conjuration/Earth            3
   d - Petrify                        Transmutation/Earth          4
   e - Lee's Rapid Deconstruction     Earth                        5
 i - a book of Conjurations

   Spells                             Type                      Level
   a - Magic Dart                     Conjuration                  1
   b - Searing Ray                    Conjuration                  2
   c - Dazzling Spray                 Conjuration/Hexes            3
   d - Fulminant Prism                Conjuration/Hexes            4
   e - Force Lance                    Conjuration/Translocation    4
   f - Iskenderun's Mystic Blast      Conjuration                  4
 C - a book of Power

   Spells                             Type                      Level
   a - Iskenderun's Battlesphere      Conjuration/Charms           5
   b - Venom Bolt                     Conjuration/Poison           5
   c - Bolt of Magma                  Conjuration/Fire/Earth       5
   d - Iron Shot                      Conjuration/Earth            6
   e - Orb of Destruction             Conjuration                  7
   f - Spellforged Servitor           Conjuration/Summoning        7
Comestibles
 d - 14 bread rations
 g - 18 fruits
 k - 10 royal jellies
 n - 3 meat rations


   Skills:
 + Level 9.2 Fighting
   Level 0.6 Maces & Flails
 + Level 8.9 Polearms
 - Level 5.0 Armour
 + Level 6.3 Dodging
 - Level 3.0 Stealth
 - Level 5.3 Shields
 * Level 12.0 Spellcasting
 * Level 12.6 Conjurations
   Level 0.7 Transmutations
 + Level 11.6 Earth Magic


You had 11 spell levels left.
You knew the following spells:

 Your Spells              Type           Power        Failure   Level  Hunger
a - Sandblast             Erth           #####.       1%          1    None
b - Stone Arrow           Conj/Erth      ######       1%          3    None
c - Lee's Rapid Deconstr  Erth           #####.....   1%          5    ####...
d - Iskenderun's Mystic   Conj           ######..     1%          4    ##.....
e - Iron Shot             Conj/Erth      ######....   2%          6    ######.
f - Orb of Destruction    Conj           ######....   11%         7    #######


Dungeon Overview and Level Annotations

Branches:
Dungeon (13/15)            Temple (1/1) D:5            Lair (6/6) D:11
 Shoals (0/4) Lair:4        Snake (0/4) Lair:3        Slime (0/5) Lair:6
    Orc (0/2) D:10
 Vaults: D:13-14

Altars:
Ashenzari
Cheibriados
Dithmenos
Elyvilon
Fedhas
Gozag
Hepliaklqana
Kikubaaqudgha
Makhleb
Nemelex Xobeh
Ru
Sif Muna
Trog
Uskayaw
Vehumet
Wu Jian
Xom
Yredelemnul
Zin
Jiyva

Shops:
D:4 (   D:7 (

Annotations:
D:13 Rupert


Innate Abilities, Weirdness & Mutations

You are resistant to torment.
Your stone body is resilient. (AC +9)
You are immune to poison.
Your large and strong wings let you fly indefinitely.
You resist negative energy. (rN+)
You are resistant to electric shocks. (rElec)
You can survive without breathing.
You are immune to petrification.
You are immune to rotting.
You are partially covered in slimy green scales. (AC +2)
Your flesh is cold resistant. (rC+)


Message History

Confirm with . or Enter, or press ? or * to list all spells.
Aiming: Lee's Rapid Deconstruction
Press: ? - help, Dir - move target cursor The wall shatters!
The blast of rock fragments hits the centaur.
You kill the centaur!
Vehumet accepts your kill.
You feel your power returning.
The blast of rock fragments hits the unseen horror.
The unseen horror is moderately wounded.
The blast of rock fragments hits the jelly.
You kill the jelly!
Vehumet accepts your kill.
You feel your power returning.
Rupert hits you with a great sword of holy wrath!!
* * * LOW HITPOINT WARNING * * *
As you read the scroll of teleportation, it crumbles to dust.
You feel strangely unstable. Rupert barely misses you.
Rupert hits you with a great sword of holy wrath!!
You die...

.........###.#######)...#
.........##≈## ##≈##≈.##
........)##≈≈####≈≈##≈≈.#
....$x)(.#≈≈≈##≈≈≈≈≈##≈≈≈
....####5#≈≈≈#≈≈≈≈≈≈≈##.#
. #.#≈≈≈#≈≈≈≈≈≈≈≈##.
#x#≈≈≈≈≈≈≈≈≈≈≈≈≈##
#@#≈≈≈≈≈≈≈≈≈≈≈≈≈≈#
#@#≈≈≈≈≈≈#.≈≈≈≈≈≈≈
#.#≈≈≈≈≈≈#P.≈≈≈≈.≈
#.#≈≈≈≈≈≈#P..≈≈.P≈
#.#≈≈≈#≈≈#.######.
#.#≈≈≈#≈≈#.#....#.
#.##≈##≈≈#P'....#P
##'################
#..................
#...###############


You could see Rupert (berserk), an unseen horror (invisible) and a crimson imp.

Vanquished Creatures
  A fire dragon (Lair:6)
  Harold (Lair:1)
  4 hydras
  4 death yaks (Lair:3)
  4 two-headed ogres
  Sonja (Lair:2)
  Nergalle (Lair:2)
  A swamp dragon (Lair:6)
  2 deep elf magi
  3 ugly things
  5 cyclopes
  An oklob plant (Lair:6)
  A manticore (D:12)
  4 black mambas
  18 elephants
  A gargoyle (D:12)
  10 spiny frogs
  3 komodo dragons
  5 rime drakes
  A tengu conjurer (D:13)
  6 trolls
  3 polar bears
  14 blink frogs
  12 hippogriffs
  A snapping turtle (Lair:4)
  A vampire (D:13)
  2 water elementals (D:13)
  A wyvern (D:8)
  6 basilisks
  Eustachio (D:6)
  43 yaks
  3 wraiths
  3 vampire mosquitoes (D:12)
  3 acid dragons
  9 water moccasins
  8 porcupines
  2 black bears (D:9)
  5 sky beasts
  3 ice beasts
  A hornet zombie (D:12)
  5 orc warriors
  A swamp drake (D:10)
  6 ogres
  18 centaurs
  10 crocodiles
  2 big kobolds
  19 bullfrogs
  A gnoll sergeant (D:11)
  A water moccasin zombie (D:6)
  4 scorpions
  9 killer bees
  8 wights
  A howler monkey (D:7)
  9 electric eels
  2 crimson imps
  4 centaur zombies
  2 quasits (D:11)
  2 centaur skeletons (D:10)
  7 hounds
  3 jellies
  7 orc priests
  9 orc wizards
  2 bullfrog skeletons
  A gnoll shaman (D:5)
  12 worker ants
  7 iguanas
  A killer bee zombie (D:6)
  2 hound zombies
  A hound skeleton (D:6)
  9 gnolls
  5 adders
  3 shadow imps
  An adder zombie (D:9)
  An adder skeleton (D:8)
  2 worms (D:2)
  5 dart slugs
  4 leopard geckos
  48 orcs
  3 giant cockroaches
  3 hobgoblins
  2 jackals (D:3)
  12 kobolds
  6 quokkas
  3 bats
  5 frilled lizards
  6 goblins
  A jackal skeleton (D:7)
  A leopard gecko skeleton (D:6)
  A quokka zombie (D:5)
  4 rats
  A fungus (D:11)
  2 plants (D:11)
482 creatures vanquished.

Vanquished Creatures (others)
  A yak (Lair:6)
  A steam dragon (Lair:6)
  A swamp drake (Lair:6)
  12 fungi
  33 plants
48 creatures vanquished.

Grand Total: 530 creatures vanquished

Notes
Turn   | Place    | Note
-------+----------+-------------------------------------------
     0 | D:1      | JeffiDaFish the Gargoyle Earth Elementalist began the quest for the Orb.
     0 | D:1      | Reached XP level 1. HP: 10/10 MP: 3/3
   177 | D:1      | Reached XP level 2. HP: 15/15 MP: 3/5
   916 | D:2      | Reached XP level 3. HP: 19/19 MP: 2/6
  1077 | D:2      | Found a sacrificial altar of Ru.
  1626 | D:2      | Learned a level 3 spell: Stone Arrow
  1763 | D:3      | Reached XP level 4. HP: 19/24 MP: 2/7
  1829 | D:3      | Found a snail-covered altar of Cheibriados.
  2071 | D:3      | Found a deep blue altar of Sif Muna.
  2180 | D:4      | Got a steaming silver ring
  2218 | D:4      | Identified the ring of Altruism {rPois rC+ rN+ MR+} (You found it on level 4 of the Dungeon)
  2419 | D:4      | Found a shimmering altar of Xom.
  2467 | D:4      | Reached XP level 5. HP: 4/28 MP: 4/9
  2785 | D:4      | Reached skill level 1 in Fighting
  2785 | D:4      | Reached skill level 1 in Armour
  2962 | D:4      | Learned a level 5 spell: Lee's Rapid Deconstruction
  3117 | D:4      | Found Ickey's Antique Weapon Emporium.
  3193 | D:5      | Entered Level 5 of the Dungeon
  3222 | D:5      | Reached skill level 1 in Conjurations
  3247 | D:4      | Reached skill level 1 in Shields
  3487 | D:5      | Noticed a sky beast
  3490 | D:5      | Reached skill level 5 in Earth Magic
  3501 | D:4      | Reached XP level 6. HP: 26/34 MP: 4/10
  3534 | D:4      | Killed a sky beast
  3726 | D:5      | Found a shattered altar of Ashenzari.
  4226 | D:5      | Found a hazy altar of Hepliaklqana.
  4243 | D:5      | Reached XP level 7. HP: 36/38 MP: 12/12
  4468 | D:5      | Found a staircase to the Ecumenical Temple.
  4473 | Temple   | Entered the Ecumenical Temple
  4528 | Temple   | Became a worshipper of Vehumet
  4784 | D:6      | Noticed Eustachio
  4841 | D:6      | Killed Eustachio
  5460 | D:6      | Reached XP level 8. HP: 18/43 MP: 5/14
  5470 | D:6      | Reached skill level 5 in Shields
  5689 | D:6      | Gained mutation: You are partially covered in slimy green scales. (AC +2) [potion of mutation]
  5689 | D:6      | Gained mutation: Your flesh is cold resistant. (rC+) [potion of mutation]
  5839 | D:6      | Learned a level 4 spell: Iskenderun's Mystic Blast
  6236 | D:7      | Reached skill level 1 in Polearms
  6320 | D:7      | Found Haruo's Antique Weapon Boutique.
  6430 | D:4      | Bought a brightly glowing spear for 152 gold pieces
  6430 | D:4      | Identified the +6 spear of Ruination {freeze, Str+3} (You bought it in a shop on level 4 of the Dungeon)
  6659 | D:7      | Found an opulent altar of Gozag.
  6806 | D:7      | Reached * piety under Vehumet
  6806 | D:7      | Offered knowledge of Freeze by Vehumet.
  7048 | D:8      | Reached skill level 5 in Spellcasting
  7076 | D:8      | Reached XP level 9. HP: 46/49 MP: 8/16
  7420 | D:8      | Found a white marble altar of Elyvilon.
  8066 | D:8      | Reached skill level 5 in Conjurations
  8157 | D:9      | Reached ** piety under Vehumet
  8157 | D:9      | Offered knowledge of Throw Frost by Vehumet.
  8173 | D:9      | Learned a level 6 spell: Iron Shot
  8425 | D:9      | Reached XP level 10. HP: 38/56 MP: 0/19
  8798 | D:10     | Entered Level 10 of the Dungeon
  8816 | D:10     | Offered knowledge of Static Discharge by Vehumet.
  8838 | D:10     | Reached skill level 5 in Polearms
  9012 | D:10     | Reached *** piety under Vehumet
  9130 | D:10     | Offered knowledge of Olgreb's Toxic Radiance by Vehumet.
  9151 | D:10     | Identified the +2 war axe "Nerah" {freeze, MP+9 Dex+3} (You took it off an orc on level 10 of the Dungeon)
  9234 | D:10     | Reached skill level 5 in Armour
  9405 | D:10     | Found a staircase to the Orcish Mines.
  9450 | D:10     | Reached **** piety under Vehumet
  9713 | D:10     | Noticed a two-headed ogre
  9722 | D:10     | Killed a two-headed ogre
  9722 | D:10     | Reached skill level 5 in Fighting
  9722 | D:10     | Reached XP level 11. HP: 61/63 MP: 3/22
  9843 | D:11     | Identified the +2 robe of the Grue {-Tele rCorr SInv Stlth+} (You found it on level 11 of the Dungeon)
  9956 | D:11     | Offered knowledge of Throw Icicle by Vehumet.
  9986 | D:11     | Learned a level 4 spell: Force Lance
 10109 | D:11     | Noticed a six-headed hydra
 10125 | D:11     | Killed a six-headed hydra
 10260 | D:11     | Noticed a cyclops
 10276 | D:11     | Killed a cyclops
 10359 | D:11     | Noticed a cyclops
 10369 | D:11     | Killed a cyclops
 10924 | D:11     | Reached ***** piety under Vehumet
 10924 | D:11     | Offered knowledge of Freezing Cloud by Vehumet.
 11007 | D:11     | Noticed a cyan ugly thing
 11019 | D:11     | Killed a cyan ugly thing
 11080 | D:11     | Found a staircase to the Lair.
 11274 | Lair:1   | Entered Level 1 of the Lair of Beasts
 11418 | Lair:1   | Noticed Harold
 11435 | Lair:1   | Reached XP level 12. HP: 59/69 MP: 5/25
 11446 | Lair:1   | Killed Harold
 12459 | Lair:2   | Noticed Nergalle
 12465 | Lair:2   | Killed Nergalle
 12655 | Lair:2   | Noticed Sonja
 12676 | Lair:2   | Killed Sonja
 13299 | Lair:3   | Noticed an eight-headed hydra
 13305 | Lair:3   | Killed an eight-headed hydra
 13305 | Lair:3   | Reached skill level 10 in Earth Magic
 13379 | Lair:3   | Found a staircase to the Snake Pit.
 13633 | Lair:3   | Noticed a death yak
 13635 | Lair:3   | Noticed a death yak
 13635 | Lair:3   | Noticed a death yak
 13639 | Lair:3   | Noticed a death yak
 13654 | Lair:3   | Killed a death yak
 13654 | Lair:3   | Reached skill level 10 in Spellcasting
 13663 | Lair:3   | Killed a death yak
 13690 | Lair:3   | Killed a death yak
 13690 | Lair:3   | Reached skill level 10 in Conjurations
 13701 | Lair:3   | Killed a death yak
 13701 | Lair:3   | Reached XP level 13. HP: 28/76 MP: 10/27
 15232 | Lair:4   | Reached skill level 5 in Dodging
 15319 | Lair:4   | Found a staircase to the Shoals.
 16632 | Lair:6   | Entered Level 6 of the Lair of Beasts
 17430 | Lair:6   | Gained mutation: Your large and strong wings let you fly indefinitely. [Gargoyle growth]
 17430 | Lair:6   | Reached XP level 14. HP: 20/84 MP: 29/29
 17641 | Lair:6   | Found an ancient bone altar of Kikubaaqudgha.
 17661 | Lair:6   | Identified the +1 chain mail of the Engineer {rPois Regen+ Str+2 Dex+2} (You found it on level 6 of the Lair of Beasts)
 17849 | Lair:6   | Found a staircase to the Slime Pits.
 17849 | Lair:6   | Found a viscous altar of Jiyva.
 18303 | Lair:6   | Reached ****** piety under Vehumet
 18880 | D:12     | Learned a level 7 spell: Orb of Destruction
 18945 | D:12     | Identified the +5 quarterstaff "Atwithid" {crush, Dex+10 Stlth+} (You found it on level 12 of the Dungeon)
 19133 | D:12     | Offered knowledge of Bolt of Fire by Vehumet.
 20316 | D:13     | HP: 1/86 [white ugly thing (9)]
 20624 | D:13     | Noticed Rupert
 20643 | D:13     | Mangled by Rupert

Vault maps used:
D:1:      ncdulo_wetmaze
D:2:      nicolae_ru_awakened_eye
D:3:      nicolae_overflow_hidden_temple, kennysheep_slug_shrine
D:4:      kennysheep_little_box, serial_shops, nicolae_shop_stone, first_bread
D:5:      nicolae_overflow_crystal_walls, cheibrodos_ashenzari_chains,
          temple_doors_ab, minmay_misc_feat_rows
D:6:      uniq_eustachio
D:7:      grunt_gozag_breadcrumbs, serial_shops, shop
D:8:      lemuel_round_altar
D:10:     erik_orc_1
D:11:     nicolae_whirlpool, grunt_lair_entry_orc_guard_hut
D:13:     wad_lake_hut, uniq_rupert
Temple:   eino_narrow_crystal_temple
Lair:1:   grunt_megastairs_2, serial_bayou_shore_a, uniq_harold
Lair:2:   uniq_sonja, uniq_nergalle
Lair:3:   dummy_snake_entry, eino_small_chamber_without_monster,
          nicolae_quartered_pool_super
Lair:4:   minmay_shoals_entry_hut, st_stairs_8, grunt_megastairs_3
Lair:5:   lemuel_fruit_fields, grunt_megastairs_1
Lair:6:   guppyfry_lair_end_dragon, wormcave, slime_altar_1, basic_altar

Skill      XL: |  1  2  3  4  5  6  7  8  9 10 11 12 13 14 |
---------------+-------------------------------------------+-----
Earth Magic    | 4 5 6 7 8 9 10 11 | 11.6
Stealth        | 3 |  3.0
Fighting       | 1 2 3 5 7 8 9 |  9.2
Armour         | 1 2 3 5 |  5.0
Spellcasting   | 3 4 5 6 7 9 10 11 12 | 12.0
Conjurations   | 1 2 3 4 5 6 8 10 11 12 | 12.6
Shields        | 1 3 4 5 |  5.3
Polearms       | 2 4 6 7 8 |  8.9
Dodging        | 2 3 4 5 6 |  6.3
Maces & Flails | |  0.6
Transmutations | |  0.7

Action                   |  1- 3 |  4- 6 |  7- 9 | 10-12 | 13-15 || total
-------------------------+-------+-------+-------+-------+-------++-------
Melee: Whip              |    39 |   108 |       |       |       ||   147
       Spear             |       |    29 |   302 |   651 |  1078 ||  2060
 Cast: Sandblast         |    35 |    41 |    37 |    70 |    27 ||   210
       Stone Arrow       |     1 |     5 |    59 |    69 |    61 ||   195
       Iskenderun's Myst |       |       |     2 |    12 |    11 ||    25
       Lee's Rapid Decon |       |       |     1 |    21 |    16 ||    38
       Force Lance       |       |       |       |     6 |       ||     6
       Iron Shot         |       |       |       |     7 |    36 ||    43
 Abil: Fly               |       |       |       |       |     1 ||     1
Evoke: Wand              |       |       |       |     1 |       ||     1
  Use: Potion            |     7 |     2 |     5 |     3 |     5 ||    22
       Scroll            |     5 |     7 |     5 |    19 |    12 ||    48
 Stab: Sleeping          |       |     1 |       |     3 |     8 ||    12
       Confused          |       |       |       |       |     2 ||     2
  Eat: Chunk             |     3 |     8 |    14 |    26 |    29 ||    80
       Meat ration       |       |       |     1 |     1 |     2 ||     4
       Royal jelly       |       |       |       |       |     1 ||     1
Armor: Robe              |     8 |       |       |       |       ||     8
       Leather armour    |     8 |    75 |   116 |     4 |       ||   203
       Troll leather arm |       |       |       |   262 |   420 ||   682
Dodge: Dodged            |    38 |   102 |   158 |   299 |   533 ||  1130
Block: Buckler           |       |    27 |    73 |   175 |   340 ||   615
